 Dungeon Crawl Stone Soup version 0.29-a0-271-gd4eb659eea (webtiles) character file.

Game seed: 6009196972303892196

49 spaghetti the Caller (level 3, 28/28 HPs)
             Began as a Deep Dwarf Summoner on Mar 8, 2022.
             Was an Initiate of Gozag.
             Quit the game on level 2 of the Dungeon.
             The game lasted 00:03:31 (1547 turns).

spaghetti the Caller (Deep Dwarf Summoner)          Turns: 1547, Time: 00:03:32

Health: 28/28      AC:  2    Str: 13    XL:     3   Next: 51%
Magic:  4/4        EV: 12    Int: 15    God:    Gozag
Gold:   275        SH:  0    Dex: 13    Spells: 4/5 levels left

rFire   . . .      SeeInvis .   (no weapon)
rCold   . . .      Faith    .   (no shield)
rNeg    . . .      Spirit   .   a - +0 robe
rPois   .          Reflect  .   (no helmet)
rElec   .          Harm     .   (no cloak)
rCorr   .          Rampage  .   (no gloves)
Will    .....                   (no boots)
Stlth   ++........              (no amulet)
HPRegen 0.00/turn               (no ring)
MPRegen 0.09/turn               (no ring)

@: no status effects
A: damage resistance, heal wounds, sense surroundings 1, no regeneration
a: Heal Wounds, Renounce Religion, Potion Petition, Call Merchant, Bribe Branch


You were on level 2 of the Dungeon.
You worshipped Gozag.
Gozag was aware of your devotion.
You visited 1 branch of the dungeon, and saw 2 of its levels.

You collected 275 gold pieces.


Innate Abilities, Weirdness & Mutations

You are resistant to damage.
You can heal yourself by infusing magical energy.
You passively map a small area around you.
You do not regenerate.


   Skills:
 - Level 2.1 Dodging
 - Level 2.4 Stealth
 - Level 1.7 Spellcasting
 + Level 4.8 Summonings


You had 4 spell levels left.
You knew the following spells:

 Your Spells              Type           Power      Damage    Failure   Level
a - Summon Small Mammal   Summ           60%        N/A       3%          1

Your spell library contained the following spells:

 Spells                   Type           Power      Damage    Failure   Level
 Call Imp                 Summ           15%        N/A       4%          2
 Call Canine Familiar     Summ           15%        N/A       10%         3
 Slow                     Hex            4%         N/A       22%         1
 Summon Guardian Golem    Hex/Summ       8%         N/A       26%         3
 Summon Lightning Spire   Summ/Air       8%         N/A       63%         4
 Petrify                  Tmut/Erth      1%         N/A       92%         4
 Metabolic Englaciation   Hex/Ice        0%         N/A       99%         5
 Statue Form              Tmut/Erth      0%         N/A       100%        6

Inventory:

Hand Weapons
 f - a +0 spear {polearm}
   (You found it on level 1 of the Dungeon)
 g - a +0 dagger {short}
   (You took it off a goblin on level 1 of the Dungeon)
 i - a +0 dagger {short}
   (You took it off a kobold on level 1 of the Dungeon)
 j - a +0 dagger {short}
   (You took it off a kobold on level 1 of the Dungeon)
 k - a +0 dagger {short}
   (You took it off a goblin on level 1 of the Dungeon)
 m - a +0 dagger {short}
   (You took it off a kobold on level 1 of the Dungeon)
 o - a +0 whip {mace}
   (You took it off a kobold on level 2 of the Dungeon)
 q - a +0 whip {mace}
   (You took it off a kobold on level 2 of the Dungeon)
Missiles
 c - 78 stones {throwing}
Armour
 a - a +0 robe (worn)
Jewellery
 n - an amulet of faith {!P}
   (You found it on level 1 of the Dungeon)
Scrolls
 d - a scroll of teleportation {@r4}
 e - 3 scrolls of identify {@r1}
 h - 2 scrolls of magic mapping {!r}
 l - a scroll of blinking {!r}
 p - a scroll of immolation {!r!r}
Potions
 b - a potion of magic

Dungeon Overview and Level Annotations

Branches:
Dungeon (2/15)

Altars:
Gozag

#.#...<#
####.#....########
#..>......'....... ,
#.#.......########
#.#.......# ,
#.#.##....# *,, ,
#.#.......#### .
#>#..........##....
#.#........@....... *
#.#................
#####.#................
##.....#.####....#...###
....####.# #....##....
....'....####....##....l
* ,
....##..................
.............<...##.....
....##...........#* ,


You could see a frilled lizard (asleep).


Message History

😨 MP[-1]
You lost 1 mp, and now have 3/5 mp.
You barely miss the jackal. The bat closely misses your quokka.
The bat barely misses your quokka.
Your quokka bites the jackal.
The jackal bites you but does no damage. x2
Your quokka bites the jackal.
The bat hits your quokka.
Your quokka bites the jackal.
The jackal dies!
You barely miss the jackal. The jackal barely misses you.
The bat hits you but does no damage.
Your quokka bites the jackal.
The jackal bites you but does no damage.
Your quokka closely misses the bat.
The bat hits you but does no damage.
You barely miss the jackal. The bat barely misses you. The bat hits you.
The jackal closely misses you.
Your quokka barely misses the jackal.
Your quokka bites the bat.
The bat hits your quokka but does no damage.
You closely miss the jackal. The bat closely misses your quokka.
The jackal bites you.
* * * LOW HITPOINT WARNING * * *
Your quokka bites the jackal.
Your quokka barely misses the bat.
The jackal barely misses you. 😱 HP[-1]
You take 1 damage, and now have 7/28 hp.
You hit the bat.
You kill the bat!
Your quokka bites the jackal.
The jackal dies!
Your quokka disappears in a puff of smoke!
You swap places.
You now have 252 gold pieces (gained 15).
You now have 259 gold pieces (gained 7).
You now have 266 gold pieces (gained 7).
You swap places.
Your quokka disappears in a puff of smoke!
c - 52 stones {throwing} (gained 17) Key pressed, stopping explore.
p - a scroll of immolation {!r!r} 😱 MP[+2]
Your mp is fully restored (5).
Found an escape hatch in the floor.
You open the door.
There is an open door here.
An endoplasm comes into view.
Okay, then.
An endoplasm is nearby!
The endoplasm quivers.
You are too injured to fight recklessly!
You are too injured to fight recklessly!
Casting: Summon Small Mammal (safe; 3% risk of failure)
Press: ? - help, Q - select action, (/) - cycle Dir - look around, f - activate 😱 MP[-1]
You lost 1 mp, and now have 4/5 mp.
Casting: Summon Small Mammal (safe; 3% risk of failure)
Press: ? - help, Q - select action, (/) - cycle Dir - look around, f - activate 😱 MP[-1]
You lost 1 mp, and now have 3/5 mp.
You hit the endoplasm but do no damage. Your bat hits the endoplasm.
Your quokka bites the endoplasm.
The endoplasm hits your quokka but does no damage.
You hit the endoplasm.
You kill the endoplasm!
You swap places.
A kobold comes into view. It is wielding a +0 whip.
Found 2 gold pieces.
Found a stone staircase leading down.
You see here 4 gold pieces.
A kobold is nearby!
A kobold is nearby!
Found an escape hatch in the ceiling.
The kobold shouts!
You hit the kobold but do no damage.
Your bat hits the kobold but does no damage.
The kobold closely misses you.
You hit the kobold but do no damage.
Your bat barely misses the kobold.
Your quokka closely misses the kobold.
Your bat hits the kobold.
Your quokka barely misses the kobold.
The kobold hits you with a +0 whip.
* * * LOW HITPOINT WARNING * * *
😱 HP[-2]
You take 2 damage, and now have 5/28 hp.
You hit the kobold.
Your bat barely misses the kobold.
Your quokka bites the kobold.
The kobold dies! 😱 MP[+1]
Your magical essence is drained by the effort!
You feel much better. 😎 HP[+23]
Your hp is fully restored (28).
You now have 269 gold pieces (gained 3).
q - a +0 whip {mace} You swap places.
You now have 271 gold pieces (gained 2).
c - 78 stones {throwing} (gained 26)
Your quokka disappears in a puff of smoke!
Your bat disappears in a puff of smoke!
Key pressed, stopping explore.
You now have 275 gold pieces (gained 4).
You open the door.
There is an open door here.
Key pressed, stopping explore.
A frilled lizard comes into view.
Are you sure you want to abandon this character and quit the game? (Confirm with "yes".)

Skill      XL: |  1 |
---------------+----+-----
Summonings     | 4 |  4.8
Dodging        | |  2.1
Stealth        | |  2.4
Spellcasting   | |  1.7

Action                   || total
-------------------------++-------
Melee: Unarmed           ||    82
 Cast: Summon Small Mamm ||    41
 Abil: Heal Wounds       ||     2
  Use: Scroll            ||     5
       Potion            ||     4
 Stab: Sleeping          ||     2
Armor: Robe              ||    18
Dodge: Dodged            ||    78

Levels and vault maps discovered:
D:1:      tarquinn_simple_flora_water_a, layout_loops_corners,
          shapermc_ecumenical_altar_rom_forum, serial_forest,
          infiniplex_forest_clump_diagonal, infiniplex_forest_lined_3_way,
          infiniplex_forest_clump_double, infiniplex_forest_fountain,
          infiniplex_forest_corner_1, infiniplex_forest_straight_2,
          infiniplex_forest_fountain, infiniplex_forest_lined_4_way,
          infiniplex_forest_zigzag_1, minmay_indecisive_spiral
D:2:      layout_basic, basic_altar

Notes
Turn   | Place    | Note
-------+----------+-------------------------------------------
     0 | D:1      | spaghetti the Deep Dwarf Summoner began the quest for the
                  | Orb.
     0 | D:1      | Reached XP level 1. HP: 15/15 MP: 3/3
     0 | D:1      | magus.rc [v1.9.6]
    95 | D:1      | Found a faded altar of an unknown god.
   104 | D:1      | Got Plato's Disquisition on Malediction
   137 | D:1      | Prayed at the altar of an unknown god.
   137 | D:1      | Became a worshipper of Gozag Ym Sagoz the Greedy
   322 | D:1      | Reached skill level 4 in Summonings
   335 | D:1      | Reached XP level 2. HP: 7/22 MP: 1/4
   369 | D:1      | You pick up a book of Sloth and begin reading...
   369 | D:1      | You add the spells Petrify, Metabolic Englaciation and
                  | Statue Form to your library.
  1333 | D:2      | Reached XP level 3. HP: 10/28 MP: 2/5
  1443 | D:2      | HP: 7/28 [jackal (1)]
  1506 | D:2      | HP: 5/28 [kobold/+0 whip (2)]
  1547 | D:2      | Quit the game

Vanquished Creatures
  An adder (D:2)
  A bat (D:2)
  2 endoplasms
  A giant cockroach (D:1)
  A quokka (D:1)
  A frilled lizard (D:2)
  2 rats (D:1)
9 creatures vanquished.

Vanquished Creatures (collateral kills)
  A ball python (D:1)
  3 endoplasms (D:1)
  6 jackals
  4 quokkas
  3 bats
  3 frilled lizards (D:1)
  2 goblins (D:1)
  5 kobolds
27 creatures vanquished.

Vanquished Creatures (others)
  A plant (D:1)
1 creature vanquished.

Grand Total: 37 creatures vanquished

Table legend:
 A = Non-vault XP
 B = Vault XP
 C = Vault XP percentage of total XP
 D = Non-vault monster count
 E = Vault monster count
 F = Vault count percentage of total count
                 A         B        C        D         E       F
            +---------+---------+-------+---------+---------+-------
      Total |      62 |       8 |  11.4 |      32 |       4 |  11.1
            +---------+---------+-------+---------+---------+-------
        D:1 |      32 |       8 |  20.0 |      21 |       4 |  16.0
        D:2 |      30 |       0 |   0.0 |      11 |       0 |   0.0
            +---------+---------+-------+---------+---------+-------

Illustrated notes

Table legend:
 A = Kills in this place as a percentage of kills in entire the game.
 B = Kills by you in this place as a percentage of kills by you in the entire game.
 C = Kills by friends in this place as a percentage of kills by friends in the entire game.
 D = Other kills in this place as a percentage of other kills in the entire game.
 E = Experience gained in this place as a percentage of experience gained in the entire game.
 F = Experience gained in this place divided by the number of levels of this place that you have seen.
                   A       B       C       D       E      F
               +-------+-------+-------+-------+-------+----------------------
         Total | 100.0 | 100.0 | 100.0 |   N/A | 100.0 |  35.0
       Dungeon | 100.0 | 100.0 | 100.0 |   N/A | 100.0 |  35.0
               +-------+-------+-------+-------+-------+----------------------

Table legend: (Time is in decaauts)
 A = Elapsed time spent in this place.
 B = Non-inter-level travel time spent in this place.
 C = Inter-level travel time spent in this place.
 D = Time resting spent in this place.
 E = Time spent auto-exploring this place.
 F = Levels seen in this place.
 G = Mean time per level.
                   A        B        C        D        E       F      G
               +--------+--------+--------+--------+--------+-----+--------+
         Total |   1560 |   1556 |      4 |     19 |   1144 |   2 |  780.0 |
       Dungeon |   1560 |   1556 |      4 |     19 |   1144 |   2 |  780.0 |
               +--------+--------+--------+--------+--------+-----+--------+

Top non-repeatable levels by time:
     D:1: 1341 daAuts
     D:2: 218 daAuts
